AoeStats
← Křovák

Arabian Desert

509301902Analyzed
1v1 RM · 7d ago on Sep 26, 2026· 52m 23s· 2 players
Game mode
Random Map
Map size
Tiny (2 player)
Population
200
Speed
Normal
Resources
Standard
Victory
Conquest
Starting age
Dark Age
Ending age
Imperial Age
RankedLock teamsTeams togetherTeam positionsShared explorationLock speedFull tech treeHidden civsTurbo modeCheats
Victory
Defeat
🇨🇿 Cumans · Czechia
851
+16
🇨🇿 Vietnamese · Czechia
844
-16
Křovák
11:56 Feudal Age
10:11 Loom
13:02 Double-Bit Axe
15:41 Horse Collar
21:01 Castle Age
22:55 Bow Saw
22:53 Heavy Plow
28:40 Fletching
28:50 Padded Archer Armor
32:39 Imperial Age
30:40 Elite Skirmisher
33:52 Imperial Skirmisher
34:37 Bodkin Arrow
35:44 Town Watch
37:13 Gold Mining
37:14 Stone Mining
39:37 Bracer
39:53 Leather Archer Armor
40:02 Ballistics
41:34 Hoardings
42:25 Pikeman
43:06 Squires
47:04 Ring Archer Armor
46:45 Forging
46:40 Scale Barding Armor
48:48 Two-Man Saw
Vik
7:34 Loom
10:15 Feudal Age
11:13 Double-Bit Axe
19:39 Forging
19:22 Fletching
23:04 Castle Age
22:12 Horse Collar
23:18 Elite Skirmisher
24:04 Thumb Ring
25:56 Padded Archer Armor
27:47 Bloodlines
27:33 Gold Mining
29:58 Town Watch
33:08 Wheelbarrow
32:53 Scale Barding Armor
32:59 Forging
36:34 Imperial Age
35:07 Gold Shaft Mining
35:45 Chain Barding Armor
36:01 Iron Casting
36:08 Bow Saw
36:22 Bodkin Arrow
36:57 Steppe Husbandry
37:49 Conscription
36:53 Cavalier
40:17 Plate Barding Armor
40:43 Blast Furnace
40:00 Leather Archer Armor
39:12 Light Cavalry
41:08 Two-Man Saw
42:42 Paladin
44:30 Hussar
Connection lost

Rejoining the realm…

Still unreachable

The connection could not be restored.

Session expired

The server has moved on; the page needs a fresh start.